 Dungeon Crawl Stone Soup version 0.32-a0-975-g85d4e5bfdb (webtiles) character file.

Game seed: 5251574328114104025

562 Cancer the Digger (level 7, -4/36 HPs)
             Began as a Gargoyle Earth Elementalist on Apr 18, 2024.
             Was a Follower of Vehumet.
             Killed by divine providence
             ... invoked by an orc priest
              (7 damage)
             ... on level 5 of the Dungeon.
             The game lasted 00:06:51 (4510 turns).

Cancer the Digger (Gargoyle Earth Elementalist)     Turns: 4510, Time: 00:06:52

Health: -4/36      AC: 14    Str: 12    XL:     7   Next: 32%
Magic:  7/13       EV:  9    Int: 17    God:    Vehumet [*.....]
Gold:   228        SH:  0    Dex: 10    Spells: 7/14 levels left

rFire   . . .        (no weapon)
rCold   . . .        (no shield)
rNeg    + + .        m - +3 ring mail
rPois   ∞            (no helmet)
rElec   +            l - +0 cloak
rCorr   .            (no gloves)
SInv    .            d - +0 pair of boots
Will    .....        (no amulet)
Stlth   +            r - ring of positive energy
HPRegen 0.26/turn    (no ring)
MPRegen 0.13/turn

%: no passive effects
@: no status effects
A: sickness immunity, AC +4, negative energy resistance 1, electricity
resistance, torment resistance 1, petrification resistance
a: Renounce Religion


You were on level 5 of the Dungeon.
You worshipped Vehumet.
Vehumet was aware of your devotion.
You visited 2 branches of the dungeon, and saw 6 of its levels.

You collected 228 gold pieces.

Inventory:

Armour
 a - a +0 robe
 d - a +0 pair of boots (worn)
 i - an orb of light
 k - the +5 scale mail of the Evening Star {Harm rF+ rC- MP+9}
   (You found it on level 2 of the Dungeon)

   rF+:       It protects you from fire.
   rC-:       It makes you vulnerable to cold.
   MP+9:      It affects your magic capacity (+9).
   Harm:      It increases damage dealt and taken.
 l - a +0 cloak (worn)
 m - a +3 ring mail (worn)
 p - a +0 kite shield
Jewellery
 r - a ring of positive energy (left hand)
Scrolls
 f - 2 scrolls of identify {unknown}
 g - 3 scrolls of teleportation {unknown}
 j - a scroll of poison {unknown}
 n - a scroll of enchant weapon {unknown}
 q - a scroll of noise {unknown}
Potions
 b - a potion of magic
 c - 2 potions of heal wounds {unknown}
 e - a potion of curing {unknown}
 h - a potion of invisibility {unknown}
 o - a potion of degeneration {unknown}


   Skills:
 - Level 1.5 Dodging
 - Level 2.1 Stealth
 + Level 4.4 Spellcasting
 + Level 4.7 Conjurations
 + Level 6.3 Earth Magic


You had 7 spell levels left.
You knew the following spells:

 Your Spells              Type           Power      Damage    Failure   Level
a - Sandblast             Erth           50%        2d12      2%          1
b - Stone Arrow           Conj/Erth      44%        3d9       11%         3
c - Passwall              Erth           25%        N/A       8%          3

Your spell library contained the following spells:

 Spells                   Type           Power      Damage    Failure   Level
 Foxfire                  Conj/Fire      44%        2x1d6     13%         1
 Brom's Barrelling Bould  Conj/Erth      22%        2d4       34%         4
 Petrify                  Alch/Erth      14%        N/A       67%         4


Dungeon Overview and Level Annotations

Branches:
Dungeon (5/15)             Temple (1/1) D:4

Altars:
Ashenzari
Dithmenos
Elyvilon
Fedhas
Gozag
Hepliaklqana
Kikubaaqudgha
Makhleb
Nemelex Xobeh
Okawaru
Qazlal
Sif Muna
Trog
Vehumet
Xom
Yredelemnul
The Shining One

Shops:
D:2 :   D:4 **

Annotations:
D:2 wall
D:3 Natasha
D:4 3 runed translucent doors, Maxmaps's ghost, amateur OnSh


Innate Abilities, Weirdness & Mutations

You are immune to sickness and miasma.
Your stone body is resilient. (AC +4)
You are immune to poison.
You resist negative energy. (rN+)
You are resistant to electric shocks. (rElec)
You are resistant to unholy torment.
You are immune to petrification.


Message History

Things that are here:
a +0 leather armour; a +0 spear The gnoll hits you but does no damage.
The blast of sand hits the gnoll!!
You kill the gnoll!
Vehumet accepts your kill.
You can't see any susceptible monsters within range! (Use Z to cast anyway.)
An orc warrior comes into view. It is wielding a +0 scimitar.
Found a stone staircase leading up.
The orc warrior shouts!
Something shouts, "Escape, thou clouted hell-hated lewdster!"
The blast of sand hits the orc warrior but does no damage.
The blast of sand misses the orc warrior.
The orc warrior hits you with a +0 scimitar.
An orc priest comes into view. It is wielding a +0 whip.
A white imp comes into view.
The blast of sand hits the orc warrior!
The orc warrior is moderately wounded.
The orc priest shouts!
The white imp shouts!
You hear a shout!
The orc priest mumbles some strange prayers to Beogh against you.
Beogh smites you!
The orc warrior hits you with a +0 scimitar.
An orc comes into view. It is wielding a +0 dagger.
The orc warrior attacks as it pursues you!
The orc warrior hits you with a +0 scimitar!
* * * LOW HITPOINT WARNING * * *
The orc priest calls upon Beogh to heal the orc warrior.
The orc warrior is healed somewhat.
Things that are here:
a +0 leather armour; a +0 spear The white imp gestures at you.
The puff of frost hits you.
* * * LOW HITPOINT WARNING * * *
There is a stone staircase leading up here.
The orc warrior barely misses you. The white imp gestures at you.
The puff of frost hits you but does no damage.
The orc priest mumbles some strange prayers to Beogh against you.
Beogh smites you!
You die...

...<...## ........
######.....##
#.....o.....#
#......oo...#
#.....5.....#
#.>.........######
#))...............
#@o[..).....######
#####.####.....†..
#.# #...#....? #)#
#....##### #.#
#{.#.# #.#
#..#.### #.#
#..#...# #.#
#...##. #.###.#.#
..


You could see an orc warrior, an orc priest, a white imp and 2 orcs.

Vanquished Creatures
  A gnoll sergeant (D:5)
  2 scorpions
  A bombardier beetle (D:4)
  A hound (D:4)
  2 iguanas
  An orc wizard (D:4)
  Natasha (D:3)
  5 gnolls (D:5)
  6 adders
  3 dart slugs
  2 ribbon worms
  12 orcs
  5 bats
  9 endoplasms
  2 giant cockroaches (D:4)
  4 goblins
  7 hobgoblins
  2 jackals (D:1)
  8 kobolds
  4 quokkas
  11 ball pythons
  3 frilled lizards
  9 rats
101 creatures vanquished.

Notes
Turn   | Place    | Note
-------+----------+-------------------------------------------
     0 | D:1      | Cancer the Gargoyle Earth Elementalist began the quest for
                  | the Orb.
     0 | D:1      | Reached XP level 1. HP: 10/10 MP: 3/3
   157 | D:1      | Reached XP level 2. HP: 10/15 MP: 0/5
   331 | D:1      | Reached skill level 4 in Earth Magic
   535 | D:1      | Reached XP level 3. HP: 19/19 MP: 3/6
  1291 | D:2      | Found a faded altar of an unknown god.
  1293 | D:2      | Noticed a golden eye
  1295 | D:2      | Reached XP level 4. HP: 24/24 MP: 6/8
  1296 | D:2      | Noticed a golden eye
  1296 | D:2      | Noticed an eye of devastation
  1296 | D:2      | Noticed a glass eye
  1386 | D:2      | Identified the +5 scale mail of the Evening Star {Harm rF+
                  | rC- MP+9}
  1518 | D:2      | Found Gurumnuinn's Book Shoppe.
  2159 | D:3      | Noticed Natasha
  2161 | D:3      | Killed Natasha
  2311 | D:3      | Noticed Natasha
  2418 | D:3      | Reached XP level 5. HP: 28/28 MP: 7/9
  2679 | D:3      | Learned a level 3 spell: Stone Arrow
  2683 | D:3      | Learned a level 3 spell: Passwall
  3050 | D:4      | Found a staircase to the Ecumenical Temple.
  3057 | Temple   | Entered the Ecumenical Temple
  3062 | Temple   | Became a worshipper of Vehumet
  3073 | D:4      | Reached skill level 5 in Earth Magic
  3220 | D:3      | Reached XP level 6. HP: 23/32 MP: 0/11
  3421 | D:4      | Found a runed translucent gate.
  3421 | D:4      | Found a runed translucent gate.
  3423 | D:4      | Found a runed translucent gate.
  3427 | D:4      | Noticed Maxmaps's ghost (amateur OnSh)
  3431 | D:4      | Noticed a hornet
  3445 | D:4      | Found the +5 woodcutter's axe
  3697 | D:4      | Found Eli Ros's Assorted Antiques.
  3810 | D:4      | Found Nunonihy's General Store.
  4095 | D:5      | Entered Level 5 of the Dungeon
  4265 | D:4      | Reached skill level 6 in Earth Magic
  4265 | D:4      | Reached XP level 7. HP: 18/36 MP: 11/13
  4410 | D:5      | Reached * piety under Vehumet
  4410 | D:5      | Offered knowledge of Foxfire by Vehumet.
  4510 | D:5      | Killed from afar by an orc priest

Illustrated notes

Levels and vault maps discovered:
D:1:      sevenhm_arrival_forest_fort_large_2, layout_loops_ring
D:2:      layout_rooms, hellmonk_ecumenical_altar_watching_god, serial_shops,
          shop
D:3:      layout_basic, minivault_23, uniq_natasha
D:4:      layout_loops_ring, minmay_temple_entry_steel_oval,
          gammafunk_ghost_split, serial_shops, shop, kennysheep_mini,
          moated_statue, chequers_serial_rivers_micro_c,
          nicolae_twisty_statue_hallways
D:5:      layout_rooms, uniq_sigmund
Temple:   sentei_temple_godly_chess

Skill      XL: |  1  2  3  4  5  6 |
---------------+-------------------+-----
Earth Magic    | 4 5 6 |  6.3
Conjurations   | 2 3 4 |  4.7
Spellcasting   | 3 4 |  4.4
Dodging        | |  1.5
Stealth        | |  2.1

Action                     |  1- 3 |  4- 6 |  7- 9 || total
---------------------------+-------+-------+-------++-------
  Melee: Unarmed           |    24 |    46 |     1 ||    71
         Punch             |       |     1 |       ||     1
   Cast: Sandblast         |    41 |   104 |    28 ||   173
 Armour: Robe              |    21 |    16 |       ||    37
         Ring mail         |       |    86 |    28 ||   114
  Dodge: Dodged            |    25 |    55 |    14 ||    94

Table legend: (Time is in decaauts)
 A = Elapsed time spent in this place.
 B = Non-inter-level travel time spent in this place.
 C = Inter-level travel time spent in this place.
 D = Time resting spent in this place.
 E = Time spent auto-exploring this place.
 F = Levels seen in this place.
 G = Mean time per level.
                   A        B        C        D        E       F      G
               +--------+--------+--------+--------+--------+-----+--------+
         Total |   4601 |   4311 |    290 |    209 |   3330 |   6 |  766.8 |
       Dungeon |   4590 |   4308 |    282 |    209 |   3330 |   5 |  918.0 |
        Temple |     10 |      2 |      8 |      0 |      0 |   1 |   10.0 |
               +--------+--------+--------+--------+--------+-----+--------+

Top non-repeatable levels by time:
     D:3: 1343 daAuts
     D:4: 1245 daAuts
     D:1: 1161 daAuts
     D:2: 646 daAuts
     D:5: 193 daAuts
  Temple: 10 daAuts
